 Dungeon Crawl Stone Soup version 0.18.1-48-g4cf74bf (webtiles) character file.

263 grulito the Chopper (level 5, -3/48 HPs)
             Began as a Minotaur Fighter on June 29, 2016.
             Slain by an ogre
             ... wielding a +0 giant club
              (22 damage)
             ... on level 5 of the Dungeon.
             The game lasted 00:07:12 (3252 turns).

grulito the Chopper (Minotaur Fighter)              Turns: 3252, Time: 00:07:13

Health: -3/48      AC:  7    Str: 20    XL:     5   Next: 98%
Magic:  0/4        EV:  8    Int:  5    God:
Gold:   290        SH:  9    Dex: 11    Spells: 0 memorised, 4 levels left

rFire  . . .     SeeInvis .     a - +0 war axe
rCold  . . .     Gourm    .     b - +0 scale mail
rNeg   . . .     Faith    .     c - +0 shield
rPois  .         Spirit   +     (helmet restricted)
rElec  .         Dismiss  .     (no cloak)
rCorr  .         Reflect  .     (no gloves)
SustAt .         Harm     .     (no boots)
MR     .....                    h - amulet of guardian spirit
Stlth  ..........               (no ring)
                                (no ring)

@: not resistant to hostile enchantments, extremely unstealthy
A: retaliatory headbutt, horns 2
a: no special abilities


You were on level 5 of the Dungeon.
You were not hungry.

You visited 1 branch of the dungeon, and saw 5 of its levels.

You collected 290 gold pieces.

Inventory:

Hand Weapons
 a - a +0 war axe (weapon)
Armour
 b - a +0 scale mail (worn)
 c - a +0 shield (worn)
Jewellery
 h - an amulet of guardian spirit (around neck)
 t - an uncursed amulet of regeneration {unknown}
Wands
 s - a wand of digging (10/24)
Scrolls
 e - a scroll of fog {unknown}
 i - a scroll of magic mapping {unknown}
 j - a scroll of amnesia {unknown}
 r - a scroll of noise {unknown}
Potions
 d - a potion of might
 k - 2 potions of lignification
 l - a potion of agility {unknown}
 m - a potion of resistance {unknown}
 n - 3 potions of flight {unknown}
 o - a potion of brilliance {unknown}
 p - 2 potions of mutation
Comestibles
 f - 3 bread rations
 g - a meat ration
 q - a chunk of flesh


   Skills:
 * Level 5.0 Fighting
 * Level 5.0 Axes
 + Level 5.0 Armour
 - Level 2.0 Dodging
 + Level 0.1 Stealth
 - Level 3.9 Shields


You had 4 spell levels left.
You didn't know any spells.

Dungeon Overview and Level Annotations

Branches:
Dungeon (5/15)             Temple (0/1) D:5

Altars:
Pakellas


Innate Abilities, Weirdness & Mutations

You reflexively headbutt those who attack you in melee.
You have a pair of horns on your head.


Message History

There are no items here.
You see here a dented jasper amulet.
t - a dented jasper amulet The ogre hits you with a giant club!!
You completely miss the ogre. You headbutt the ogre.
The ogre is lightly wounded.
You block the ogre's attack.
You hit the ogre.
The ogre is lightly wounded.
You block the ogre's attack.
You hit the ogre. You headbutt the ogre.
The ogre is moderately wounded.
The ogre barely misses you.
You completely miss the ogre.
The ogre is moderately wounded.
The ogre hits you with a giant club!
You hit the ogre.
The ogre is heavily wounded.
The ogre hits you with a giant club!!
You die...

#.###...###.#.#........#.###
##.## ### #..####..##.#. #.#
#..... ....# #.. #.#
###.##.###.# #.. #.# #.##.#
#.###.. #.# #.# .# #......
#. #.# .# #.###.. #####.##.#
#>. #@O.#.##.# #).
#.....##...##.# # # #..
####.# #.#.##.###.# #.. #.
...#........###.. #
#.#####........#.. #..
#....#####.#.# ##
#.....)......#
#...#######..... ...O...#
####.#


You could see an ogre.

Vanquished Creatures
  A hound (D:4)
  A giant frog skeleton (D:4)
  An iguana (D:4)
  A worker ant (D:4)
  7 adders
  An ooze (D:2)
  A worm (D:2)
  2 dart slugs (D:1)
  A giant gecko (D:5)
  5 orcs
  8 bats
  10 giant cockroaches
  7 goblins
  13 hobgoblins
  2 quokkas
  2 giant newts
  A jackal skeleton (D:4)
  A jackal zombie (D:5)
  6 kobolds
  7 rats
78 creatures vanquished.

Vanquished Creatures (others)
  A crocodile (D:2)
1 creature vanquished.

Grand Total: 79 creatures vanquished

Notes
Turn   | Place    | Note
--------------------------------------------------------------
     0 | D:1      | grulito the Minotaur Fighter began the quest for the Orb.
     0 | D:1      | Reached XP level 1. HP: 19/19 MP: 0/0
   276 | D:1      | Reached XP level 2. HP: 24/27 MP: 1/1
   467 | D:1      | Reached XP level 3. HP: 29/33 MP: 2/2
  1091 | D:2      | Found an oddly glowing altar of Pakellas.
  1091 | D:2      | Noticed an orange crystal statue
  1092 | D:2      | Noticed a crocodile
  1113 | D:2      | Killed a crocodile
  1405 | D:3      | Reached skill level 1 in Dodging
  1713 | D:3      | Reached XP level 4. HP: 39/40 MP: 3/3
  2273 | D:4      | Reached XP level 5. HP: 38/46 MP: 4/4
  3112 | D:5      | Entered Level 5 of the Dungeon
  3136 | D:5      | Reached skill level 5 in Fighting
  3136 | D:5      | Reached skill level 5 in Axes
  3197 | D:5      | Reached skill level 5 in Armour
  3230 | D:5      | Found a staircase to the Ecumenical Temple.
  3232 | D:5      | Noticed an ogre
  3252 | D:5      | Slain by an ogre

Skill      XL: |  1  2  3  4  5 |
---------------+----------------+-----
Armour         | 4 5 |  5.0
Fighting       | 4 5 |  5.0
Axes           | 3 4 5 |  5.0
Dodging        | 1 2 |  2.0
Stealth        | |  0.1
Shields        | |  3.9

Action                   |  1- 3 |  4- 6 || total
-------------------------+-------+-------++-------
Melee: War axe           |   104 |    71 ||   175
       Headbutt          |    16 |    16 ||    32
  Use: Scroll            |       |     2 ||     2
  Eat: Chunk             |     1 |     2 ||     3
       Pizza             |     1 |       ||     1
       Bread ration      |       |     1 ||     1
       Beef jerky        |       |     1 ||     1
Armor: Scale mail        |    44 |    22 ||    66
Dodge: Dodged            |    36 |    21 ||    57
Block: Shield            |    54 |    30 ||    84
